AoeStats
← ROSA CANINA

Four Lakes

510088859Analyzed
1v1 RM · 1d ago on Sep 29, 2026· 63m 11s· 2 players
Game mode
Random Map
Map size
Tiny (2 player)
Population
200
Speed
Normal
Resources
Standard
Victory
Conquest
Starting age
Dark Age
Ending age
Imperial Age
RankedLock teamsTeams togetherTeam positionsShared explorationLock speedFull tech treeHidden civsTurbo modeCheats
Victory
Defeat
🇫🇷 Sicilians · France
1011
+15
🇦🇺 Japanese · Australia
990
-15
MysticTuba8187
8:03 Loom
12:24 Feudal Age
13:02 Man-at-Arms
14:45 Arson
18:52 Forging
22:23 Town Watch
23:13 Wheelbarrow
28:45 Castle Age
40:33 Double-Bit Axe
43:44 Gold Mining
44:28 Pikeman
54:22 Murder Holes
55:43 Bow Saw
60:19 Horse Collar
ROSA CANINA
6:34 Loom
9:04 Feudal Age
10:15 Double-Bit Axe
12:46 Horse Collar
16:33 Fletching
17:11 Town Watch
26:10 Arson
26:55 Scale Mail Armor
35:03 Castle Age
33:02 Stone Mining
34:43 Wheelbarrow
34:21 Forging
35:44 Bodkin Arrow
36:05 Chain Mail Armor
37:21 Scale Barding Armor
38:21 Iron Casting
37:43 Light Cavalry
40:13 Husbandry
42:58 Bloodlines
44:14 Bow Saw
46:06 Chain Barding Armor
52:10 Heavy Plow
52:34 Hand Cart
52:20 Town Patrol
55:03 Herbal Medicine
55:11 Devotion
56:37 First Crusade
60:15 Imperial Age
58:07 Gold Mining
60:21 Capped Ram
61:14 Hauberk
61:30 Conscription
60:31 Elite Serjeant
62:43 Blast Furnace
62:19 Plate Barding Armor
62:15 Plate Mail Armor
61:14 Cavalier
63:12 Siege Engineers
Connection lost

Rejoining the realm…

Still unreachable

The connection could not be restored.

Session expired

The server has moved on; the page needs a fresh start.